 Dungeon Crawl Stone Soup version 0.29-a0-512-gf59ac788ac (webtiles) character file.

Game seed: 7642238830169496302

143849 chopper the Impaler (level 16, -15/132 (149) HPs)
             Began as a Minotaur Fighter on May 28, 2022.
             Was a High Priest of Elyvilon.
             Killed from afar by a deep elf high priest (16 damage)
             ... with damnation
             ... on level 2 of the Orcish Mines on May 30, 2022.
             The game lasted 04:11:53 (41159 turns).

chopper the Impaler (Minotaur Fighter)             Turns: 41159, Time: 04:11:55

HP:   -15/132 (149) AC: 29    Str: 27    XL:     16   Next: 53%
MP:   0/27          EV: 15    Int: 10    God:    Elyvilon [*****.]
Gold: 1720          SH:  8    Dex: 12    Spells: 15/15 levels left

rFire   . . .      SeeInvis +   j - +9 halberd (elec)
rCold   . . .      Faith    .   (shield currently unavailable)
rNeg    . . .      Spirit   +   g - +2 plate armour
rPois   .          Reflect  .   V - +3 hat of Pondering {ponderous, Will+ MP+10 Int+5}
rElec   .          Harm     .   Y - +2 cloak {rCorr}
rCorr   +          Rampage  .   R - +0 pair of gloves
Will    ++...                   I - +0 pair of boots
Stlth   ..........              A - brooch of Shielding {Spirit SH+8}
HPRegen 0.32/turn               v - +4 ring of evasion
MPRegen 0.20/turn               P - ring of see invisible

@: heavily drained, slow
A: horns 2, retaliatory headbutt
}: 1/15 runes: serpentine
a: Renounce Religion, Purification, Heal Other, Heal Self, Divine Vigour


You were on level 2 of the Orcish Mines.
You worshipped Elyvilon.
Elyvilon was extremely pleased with you.
You visited 7 branches of the dungeon, and saw 25 of its levels.
You visited the Abyss 1 time.
You also visited: Sewer and Gauntlet.

You collected 2855 gold pieces.
You spent 1135 gold pieces at shops.

Inventory:

Hand Weapons
 a - a +5 arbalest
 j - a +9 halberd of electrocution (weapon)
 o - a +1 shortbow of freezing
 x - a +4 mace
 K - a +1 flail of freezing
 L - a +2 vorpal great sword
 M - a +3 halberd of freezing
 Z - a +4 battleaxe of flaming
Missiles
 q - 14 boomerangs
 w - 3 boomerangs of dispersal
 Q - 3 datura-tipped darts
Armour
 g - a +2 plate armour (worn)
 I - a +0 pair of boots (worn)
 R - a +0 pair of gloves (worn)
 S - a +1 kite shield of protection
 V - the +3 hat of Pondering (worn) {ponderous, Will+ MP+10 Int+5}
   (You took it off Gastronok on level 1 of the Lair of Beasts)

   Int:       It affects your intelligence (+5).
   MP:        It affects your magic capacity (+10).
   Will:      It increases your willpower.
 Y - a +2 cloak of preservation (worn)
Jewellery
 i - a +4 ring of evasion
 m - a ring of protection from cold
 s - an amulet of reflection
 v - a +4 ring of evasion (left hand)
 A - the brooch of Shielding (around neck) {Spirit SH+8}
   (You bought it in a shop on level 9 of the Dungeon)

   [amulet of guardian spirit]

   It causes incoming damage to be divided between your reserves of health and
   magic.
   SH:        It affects your SH (+8).
 P - a ring of see invisible (right hand)
Wands
 b - a wand of polymorph (8)
 p - a wand of mindburst (1)
 t - a wand of paralysis (10)
 J - a wand of iceblast (4)
 N - a wand of charming (11)
 W - a wand of flame (72)
 X - a wand of acid (11)
Scrolls
 c - 2 scrolls of immolation
 f - 5 scrolls of teleportation
 k - 2 scrolls of poison
 u - a scroll of silence {unknown}
 y - 2 scrolls of blinking
 z - 9 scrolls of magic mapping
 B - 3 scrolls of fear
 G - 3 scrolls of fog
 O - 2 scrolls of summoning
Potions
 d - a potion of might
 e - a potion of berserk rage {unknown}
 h - 4 potions of flight
 l - 8 potions of curing
 r - 2 potions of resistance {unknown}
 C - 2 potions of invisibility
 D - 3 potions of magic
 E - 2 potions of haste
 H - 2 potions of mutation {unknown}
 T - a potion of ambrosia {unknown}
Miscellaneous
 F - a phantom mirror
 U - a box of beasts


   Skills:
 + Level 15.1 Fighting
 + Level 12.0(16.8) Axes
 * Level 7.9(11.0) Maces & Flails
 * Level 17.3(18.7) Polearms
 * Level 6.6 Crossbows
 + Level 2.8 Throwing
 + Level 16.3 Armour
 * Level 7.4 Dodging
 + Level 2.0 Stealth
 + Level 14.7 Shields
 + Level 3.2 Invocations
 + Level 1.1 Evocations


You had 15 spell levels left.
You didn't know any spells.
Your spell library contained the following spells:

 Spells                   Type           Power      Damage    Failure   Level
 Magic Dart               Conj           0%         1d3       92%         1
 Call Imp                 Summ           0%         N/A       98%         2
 Ensorcelled Hibernation  Hex/Ice        0%         N/A       98%         2
 Passwall                 Tmut/Erth      0%         N/A       98%         2
 Searing Ray              Conj           0%         2d4       98%         2
 Static Discharge         Conj/Air       0%         N/A       98%         2
 Dazzling Flash           Conj/Hex       0%         N/A       100%        3
 Mephitic Cloud           Conj/Pois/Air  0%         N/A       100%        3
 Portal Projectile        Hex/Tloc       0%         N/A       100%        3
 Stone Arrow              Conj/Erth      0%         3d7       100%        3
 Swiftness                Air            0%         N/A       100%        3
 Tukima's Dance           Hex            0%         N/A       100%        3
 Animate Armour           Summ/Erth      0%         N/A       100%        4
 Fulminant Prism          Conj/Hex       0%         3d6       100%        4
 Passage of Golubria      Tloc           0%         N/A       100%        4
 Summon Ice Beast         Ice/Summ       0%         N/A       100%        4
 Agony                    Necr           0%         N/A       100%        5
 Blade Hands              Tmut           0%         N/A       100%        5
 Silence                  Hex/Air        0%         N/A       100%        5
 Summon Mana Viper        Hex/Summ       0%         N/A       100%        5
 Yara's Violent Unravell  Hex/Tmut       0%         3d3       100%        5
 Conjure Ball Lightning   Conj/Air       0%         3x3d6     100%        6
 Monstrous Menagerie      Summ           0%         N/A       100%        7
 Lehudib's Crystal Spear  Conj/Erth      0%         10d2      100%        8
 Summon Horrible Things   Summ           0%         N/A       100%        8


Dungeon Overview and Level Annotations

Branches:
Dungeon (10/15)            Temple (0/1) D:5            Lair (6/6) D:10
 Shoals (1/4) Lair:3        Snake (4/4) Lair:4        Slime (1/5) Lair:6
    Orc (2/2) D:10            Elf (1/3) Orc:2         Sewer (visited)
Gauntlet (visited)

Altars:
Ashenzari
Cheibriados
Elyvilon
Fedhas
Hepliaklqana
Makhleb
Nemelex Xobeh
Qazlal
Ru
Trog
Uskayaw
Wu Jian
Xom
Zin
The Shining One

Shops:
D:9 *=   Orc:2 :(?[


Innate Abilities, Weirdness & Mutations

You have a pair of horns on your head.
You reflexively headbutt those who attack you in melee.


Message History

The deep elf zephyrmancer blinks!
The deep elf pyromancer casts a spell.
The deep elf pyromancer blinks!
The deep elf demonologist casts a spell at you.
You resist the pull of the Abyss.
You block the +1 vorpal trident's attack.
The fire elemental misses you.
There is a staircase back to the Mines here.
The +1 vorpal trident hits you but does no damage.
The deep elf pyromancer gestures wildly while chanting.
The deep elf pyromancer blinks!
The deep elf high priest hits you but does no damage.
The deep elf demonologist misses you. You furiously retaliate!
You headbutt the deep elf demonologist. The fire elemental hits you.
The fire elemental burns you! Elyvilon protects you from harm!
You climb upwards.
Welcome back to the Orcish Mines!
The red devil disappears in a puff of smoke!
The smoke demon disappears in a puff of smoke!
The orange demon disappears in a puff of smoke!
There is a staircase to the Elven Halls here.
Okay, then.
Blink to where?
Press: ? - help, Dir - move target
As you read the scroll of blinking, it crumbles to dust.
The deep elf demonologist points at you and mumbles some strange words.
You easily resist.
The deep elf high priest invokes the aid of its god against you.
Something smites you! Elyvilon protects you from harm!
As you read the scroll of teleportation, it crumbles to dust.
You feel strangely unstable.
Your surroundings seem slightly different.
The deep elf high priest is no longer giving off an aura.
The +1 vorpal trident hits you from afar!
Elyvilon protects you from harm!
* * * LOW HITPOINT WARNING * * *
The deep elf high priest mumbles some strange prayers to its god against you.
The sphere of damnation explodes!
The damnation engulfs you!
You die...

.##### #......### #####......#
..#..####........# #.#........#
......#.#........#####...........
.............[....##.............
.............))..§...............
##..........####...........#.....
#............##...........####...
#...........###..........## #....
#.......[...####@.........###....
##..........##(...........##.....
#........(§.e.e...........#)....)
.....#............##.....)[....).
.....####.........###...........#
...### ###......## ##.#........#
....# #......## ###.......##
..### ##.#....# #....##.# .##
#......## ##.#.####


You could see a deep elf demonologist (empowered), a deep elf high priest and a
+1 vorpal trident.

Vanquished Creatures
  Vashnia (Snake:4)
  Gastronok (Lair:1)
  2 nagarajas (Snake:4)
  An orc warlord (Orc:1)
  A quicksilver ooze (Lair:6)
  3 entropy weavers (D:10)
  A dire elephant (Lair:6)
  The ghost of drugrobin the Severer, a journeyman DgFi (Lair:5)
  An ettin (Orc:1)
  7 hydras
  Harold (Lair:1)
  3 salamander tyrants
  5 ghost crabs
  A two-headed ogre (D:9)
  10 anacondas
  2 boulder beetles
  A catoblepas (Lair:4)
  A centaur warrior (D:9)
  14 naga warriors
  A dancing weapon (Lair:5)
  5 death yaks
  An alligator snapping turtle (Shoals:1)
  A deep troll shaman (Lair:6)
  Urug (Lair:1)
  8 naga sharpshooters
  9 shock serpents
  A deep elf knight (Orc:2)
  5 fire crabs (D:10)
  5 salamander mystics
  Lodul (D:10)
  A sea snake (Snake:3)
  7 naga ritualists
  3 orc knights (Orc:2)
  A deep elf pyromancer (Elf:1)
  A lindwurm (Lair:3)
  14 salamanders
  5 orc sorcerers
  4 mana vipers
  8 elephants
  5 guardian serpents
  Maurice (D:8)
  A water nymph (Shoals:1)
  11 naga magi
  Joseph (D:7)
  42 black mambas
  6 cane toads
  A spectral sea snake (Shoals:1)
  Maggie (D:7)
  An apocalypse crab (D:10)
  7 komodo dragons
  A rime drake (Lair:5)
  2 trolls
  4 polar bears
  A merfolk (Shoals:1)
  A spectral manticore (Shoals:1)
  2 hornets (D:8)
  2 spectral merfolk (Shoals:1)
  11 blink frogs (Lair:5)
  2 slime creatures (Lair:6)
  A wraith (D:10)
  2 basilisks
  28 yaks
  5 wyverns
  A steam dragon (D:8)
  4 wargs
  An acid dragon (D:8)
  31 nagas
  14 water moccasins
  A sky beast (D:7)
  3 black bears
  37 orc warriors
  An ice beast (D:7)
  32 wolves
  16 centaurs
  18 ogres
  2 phantoms (D:5)
  2 kobold brigands
  15 bullfrogs
  5 scorpions
  9 necrophages
  13 wights
  14 killer bees
  2 electric eels
  8 howler monkeys
  7 jellies
  4 hounds (D:7)
  20 orc priests
  A gnoll shaman (D:7)
  3 iguanas
  13 hell rats
  11 orc wizards
  7 gnolls
  8 adders
  12 river rats
  A worm (D:3)
  5 dart slugs
  115 orcs
  8 endoplasms
  7 giant cockroaches
  6 hobgoblins
  11 jackals (D:1)
  18 kobolds
  5 quokkas
  19 ball pythons
  5 bats
  3 frilled lizards
  5 goblins
  30 rats
831 creatures vanquished.

Vanquished Creatures (collateral kills)
  A catoblepas (Lair:5)
  A blink frog (Lair:5)
2 creatures vanquished.

Vanquished Creatures (others)
  A sky beast (D:8)
  A wight (D:6)
  27 fungi
  70 plants
  9 tentacles (Shoals:1)
  5 withered plants (Shoals:1)
113 creatures vanquished.

Grand Total: 946 creatures vanquished

Notes
Turn   | Place    | Note
-------+----------+-------------------------------------------
     0 | D:1      | chopper the Minotaur Fighter began the quest for the Orb.
     0 | D:1      | Reached XP level 1. HP: 19/19 MP: 0/0
    26 | D:1      | Reached XP level 2. HP: 20/27 MP: 1/1
   148 | D:1      | Reached XP level 3. HP: 25/33 MP: 2/2
   542 | D:2      | Reached skill level 1 in Dodging
   861 | D:2      | Reached XP level 4. HP: 40/40 MP: 3/3
  1568 | D:2      | Found a faded altar of an unknown god.
  1715 | D:3      | Found a glowing golden altar of the Shining One.
  1741 | D:3      | Reached XP level 5. HP: 37/46 MP: 4/4
  1875 | D:3      | Noticed a water moccasin
  1882 | D:3      | Killed a water moccasin
  1883 | D:3      | Reached skill level 5 in Armour
  2127 | D:3      | Found a blossoming altar of Fedhas.
  2181 | D:3      | Reached XP level 6. HP: 48/53 MP: 5/5
  2716 | D:3      | Found a white marble altar of Elyvilon.
  2722 | D:3      | Became a worshipper of Elyvilon the Healer
  2726 | D:3      | Found a snail-covered altar of Cheibriados.
  2737 | D:3      | Found a bloodstained altar of Trog.
  3138 | D:4      | Reached skill level 5 in Shields
  3287 | D:4      | Reached * piety under Elyvilon
  3385 | D:4      | Reached skill level 5 in Axes
  3473 | D:4      | Reached XP level 7. HP: 23/60 MP: 6/6
  3999 | D:4      | Reached ** piety under Elyvilon
  4446 | D:5      | Entered Level 5 of the Dungeon
  4460 | D:5      | Reached skill level 5 in Fighting
  4478 | D:5      | Found a glowing drain.
  4483 | Sewer    | Entered a sewer
  4921 | D:5      | Identified the +0 cloak "Toohi" {*Corrode +Blink rN+++}
  4992 | D:5      | Reached XP level 8. HP: 70/70 MP: 7/7
  5007 | D:5      | Found a glowing silver altar of Zin.
  5074 | D:5      | Found a staircase to the Ecumenical Temple.
  5561 | D:5      | Reached *** piety under Elyvilon
  5667 | D:6      | Found a hide-covered altar of Uskayaw.
  6200 | D:6      | Reached XP level 9. HP: 70/75 MP: 8/8
  6739 | D:7      | Noticed Joseph
  6747 | D:7      | Killed Joseph
  6758 | D:7      | Reached skill level 1 in Stealth
  7533 | D:7      | Reached skill level 10 in Axes
  7556 | D:7      | Reached **** piety under Elyvilon
  7835 | D:7      | Noticed Maggie
  7855 | D:7      | Killed Maggie
  8249 | D:8      | Noticed Maurice
  8258 | D:8      | Killed Maurice
  8259 | D:8      | Reached XP level 10. HP: 88/88 MP: 9/9
  9778 | D:9      | Noticed a centaur warrior
  9788 | D:9      | Killed a centaur warrior
  9789 | D:9      | Reached skill level 1 in Invocations
  9828 | D:9      | Noticed an eight-headed hydra
  9842 | D:9      | Killed an eight-headed hydra
  9843 | D:9      | Reached skill level 1 in Maces & Flails
 10276 | D:9      | Noticed a two-headed ogre
 10313 | D:9      | Killed a two-headed ogre
 10314 | D:9      | Reached skill level 10 in Shields
 10315 | D:9      | Reached XP level 11. HP: 62/95 MP: 7/11
 10592 | D:8      | Reached skill level 10 in Armour
 10678 | D:9      | Found Pienaur's Lightly-Used Armoury.
 10688 | D:9      | Found Dujyr's Jewellery Emporium.
 11428 | D:10     | Entered Level 10 of the Dungeon
 11546 | D:10     | Found a faded altar of an unknown god.
 11546 | D:10     | Found a hazy altar of Hepliaklqana.
 11554 | D:10     | Found a broken altar of Ashenzari.
 11557 | D:10     | Found a stormy altar of Qazlal.
 11560 | D:10     | Found a burning altar of Makhleb.
 11606 | D:10     | Found a sparkling altar of Nemelex Xobeh.
 11614 | D:10     | Reached skill level 1 in Polearms
 11621 | D:10     | Reached skill level 2 in Polearms
 11632 | D:10     | Reached skill level 3 in Polearms
 11711 | D:10     | Found a runed translucent door.
 11726 | D:10     | Noticed a fire crab
 11757 | D:10     | Found a staircase to the Lair.
 11778 | D:10     | Found a flagged portal.
 11930 | D:10     | Found a staircase to the Orcish Mines.
 11973 | D:10     | Reached skill level 4 in Polearms
 11992 | D:10     | Reached skill level 5 in Polearms
 12025 | D:10     | Noticed Lodul
 12735 | D:10     | Found an ornate altar of the Wu Jian Council.
 12804 | Lair:1   | Entered Level 1 of the Lair of Beasts
 12862 | Lair:1   | Noticed Urug
 12872 | Lair:1   | Killed Urug
 12873 | Lair:1   | Reached skill level 6 in Polearms
 12987 | Lair:1   | Noticed a four-headed hydra
 12998 | Lair:1   | Killed a four-headed hydra
 12999 | Lair:1   | Reached skill level 7 in Polearms
 13190 | Lair:1   | Noticed Gastronok
 13512 | Lair:1   | Noticed Harold
 13527 | Lair:1   | Killed Harold
 13665 | Lair:1   | Killed Gastronok
 13666 | Lair:1   | Reached skill level 8 in Polearms
 13666 | Lair:1   | Reached XP level 12. HP: 60/105 MP: 7/12
 14027 | Lair:2   | Reached skill level 1 in Throwing
 14034 | Lair:2   | Found a gate leading to a gauntlet.
 14157 | Gauntlet | Entered a Gauntlet
 14157 | Gauntlet | Noticed a death scarab
 14157 | Gauntlet | Found a transporter.
 14157 | Gauntlet | Found a runed translucent door.
 14160 | Gauntlet | Found a runed translucent door.
 14167 | Gauntlet | Found a transporter.
 14170 | Gauntlet | Found a transporter.
 14171 | Gauntlet | Found a transporter.
 14176 | Gauntlet | Noticed a tengu warrior
 14177 | Gauntlet | Found a runed translucent gate.
 14177 | Gauntlet | Found a runed translucent gate.
 14177 | Gauntlet | Found a runed translucent gate.
 14179 | Gauntlet | Found a transporter.
 14182 | Gauntlet | Found a transporter.
 14183 | Gauntlet | Found a transporter.
 14194 | Gauntlet | Found a transporter.
 14195 | Gauntlet | Found a transporter.
 14196 | Gauntlet | Found a transporter.
 14203 | Gauntlet | Found a transporter.
 14206 | Gauntlet | Found a transporter.
 14207 | Gauntlet | Found a transporter.
 14211 | Gauntlet | Noticed a green death
 14215 | Gauntlet | Found a transporter.
 14308 | Lair:2   | Noticed a five-headed hydra
 14345 | Lair:2   | Killed a five-headed hydra
 14349 | Lair:2   | Reached skill level 9 in Polearms
 14789 | Lair:2   | Noticed a boulder beetle
 14825 | Lair:2   | Killed a boulder beetle
 15364 | D:9      | Bought the brooch of Shielding {Spirit SH+8} for 831 gold
                  | pieces
 15364 | D:9      | Found the brooch of Shielding {Spirit SH+8}
 15697 | Lair:3   | Found a staircase to the Shoals.
 15818 | Lair:3   | Reached skill level 10 in Fighting
 15905 | Lair:3   | Reached skill level 10 in Polearms
 15953 | Lair:3   | Noticed a four-headed hydra
 16134 | Lair:3   | Upgraded the game from 0.29-a0-495-g17b79114eb to
                  | 0.29-a0-506-ga2e7fffb44
 16536 | Lair:3   | Killed a four-headed hydra
 16537 | Lair:3   | Reached skill level 11 in Polearms
 16537 | Lair:3   | Reached skill level 5 in Dodging
 16894 | Lair:4   | Reached ***** piety under Elyvilon
 17087 | Lair:4   | Found a staircase to the Snake Pit.
 17201 | Lair:4   | Reached XP level 13. HP: 108/115 MP: 13/13
 17712 | Lair:5   | Reached skill level 12 in Polearms
 18061 | Lair:5   | Found a runed translucent door.
 18485 | Lair:6   | Entered Level 6 of the Lair of Beasts
 18637 | Lair:6   | Reached skill level 5 in Maces & Flails
 19064 | Lair:5   | Found a shimmering altar of Xom.
 19064 | Lair:5   | Noticed drugrobin's ghost (journeyman DgFi)
 19095 | Lair:5   | Killed drugrobin's ghost
 19216 | Lair:5   | Reached skill level 13 in Polearms
 19388 | Lair:6   | Found a staircase to the Slime Pits.
 19662 | Lair:6   | Noticed a dire elephant
 19679 | Lair:6   | Killed a dire elephant
 19892 | Lair:6   | Reached XP level 14. HP: 119/126 MP: 15/15
 20190 | Shoals:1 | Entered Level 1 of the Shoals
 20715 | Orc:1    | Entered Level 1 of the Orcish Mines
 21215 | Orc:2    | Entered Level 2 of the Orcish Mines
 21422 | Orc:2    | Found a staircase to the Elven Halls.
 21540 | Orc:2    | Reached ****** piety under Elyvilon
 21600 | Orc:1    | Noticed an orc warlord
 22434 | Orc:1    | Killed an orc warlord
 22435 | Orc:1    | Reached skill level 14 in Polearms
 23895 | Orc:2    | Found Wusotam's Weapon Emporium.
 23895 | Orc:2    | Found Zemiki's Magic Scroll Shop.
 23897 | Orc:2    | Found Wyge's Antique Armour Boutique.
 23899 | Orc:2    | Found Rinaybag's Book Shoppe.
 24038 | Orc:2    | Bought a scroll of identify for 32 gold pieces
 24038 | Orc:2    | Bought a scroll of identify for 32 gold pieces
 24058 | Orc:2    | Bought a scroll of enchant armour for 120 gold pieces
 24058 | Orc:2    | Bought a scroll of blinking for 120 gold pieces
 24282 | Elf:1    | Entered Level 1 of the Elven Halls
 24586 | D:10     | Killed Lodul
 25045 | Snake:1  | Entered Level 1 of the Snake Pit
 25581 | Snake:1  | Reached skill level 1 in Evocations
 25987 | Snake:1  | Reached skill level 1 in Crossbows
 26348 | Snake:1  | Reached skill level 15 in Polearms
 27121 | Snake:1  | Found a sacrificial altar of Ru.
 28777 | Snake:2  | Reached skill level 15 in Armour
 29073 | Snake:2  | Reached XP level 15. HP: 110/136 MP: 16/16
 31763 | Snake:3  | Got Iruoll's Catalogue of Cloudy Summoning
 32203 | Snake:3  | Reached skill level 16 in Polearms
 32926 | Snake:3  | Upgraded the game from 0.29-a0-506-ga2e7fffb44 to
                  | 0.29-a0-512-gf59ac788ac
 32930 | Snake:4  | Entered Level 4 of the Snake Pit
 33745 | Snake:4  | Reached skill level 5 in Crossbows
 35238 | Snake:4  | Noticed a nagaraja
 35751 | Snake:4  | Noticed a nagaraja
 36028 | Snake:4  | Killed a nagaraja
 36032 | Snake:4  | Killed a nagaraja
 36353 | Snake:4  | Reached XP level 16. HP: 106/147 MP: 17/17
 37025 | Snake:4  | Noticed Vashnia
 37036 | Snake:4  | Killed Vashnia
 37287 | Snake:4  | Reached skill level 17 in Polearms
 37542 | Snake:4  | Got a serpentine rune of Zot
 38370 | Slime:1  | Entered Level 1 of the Pits of Slime
 38379 | Slime:1  | Noticed an acid blob
 38890 | Shoals:1 | HP: 4/107 [tentacle[a spectral kraken] (3)]
 39982 | D:10     | Reached skill level 15 in Fighting
 40955 | Elf:1    | Noticed a Tzitzimitl
 41137 | Elf:1    | Cast into level 3 of the Abyss (a deep elf demonologist)
 41143 | Elf:1    | Escaped the Abyss
 41150 | Elf:1    | HP: 1/132 [fire elemental[a deep elf pyromancer] (10)]
 41152 | Elf:1    | Elyvilon protects you from harm!
 41155 | Orc:2    | Elyvilon protects you from harm!
 41159 | Orc:2    | Elyvilon protects you from harm!
 41159 | Orc:2    | HP: 1/132 [+1 vorpal trident (3)]
 41159 | Orc:2    | Killed from afar by a deep elf high priest

Illustrated notes

Levels and vault maps discovered:
D:1:      roderic_chinese_lattice_arrival, layout_rooms
D:2:      cheibrodos_helix_gallery, layout_basic,
          shapermc_ecumenical_altar_mp_ritualfount, minmay_misc_feat_square
D:3:      layout_basic, kennysheep_slug_shrine,
          mainiacjoe_overflow_cross_hatched, mainiacjoe_overflow_brackets,
          lemuel_crystal_altar, mainiacjoe_overflow_six_doors_small,
          grunt_ministairs_14
D:4:      layout_loops_corners
D:5:      wad_pebble_path, layout_basic, mainiacjoe_overflow_tiny_flanked,
          temple_green, gup_sewer_entry_bowl, minivault_26
D:6:      layout_rooms, amcnicky_altar_gilded, ebering_dispersal_statue_hall
D:7:      layout_basic, grunt_decor_clamped, serial_park_tiny_1,
          minmay_crossroads, uniq_maggie, uniq_joseph
D:8:      minmay_spotlight, layout_loops_cross, chequers_serial_rivers_small_a,
          uniq_maurice
D:9:      layout_long_grid, serial_shops, shop, minmay_shop_damaged,
          minmay_between
D:10:     gammafunk_mikee_crab_dinner, layout_loops_ring, marbit_many_paths,
          nicolae_overflow_crystal_walls, chequers_temple_overflow_minitemple,
          dpeg_oklobed_lair, hiddenorc2_lemuel, enter_bailey_7,
          lemuel_flame_loot_1, uniq_lodul
Lair:1:   layout_big_grid, uniq_gastronok, uniq_urug, uniq_harold
Lair:2:   layout_loops_ring, gauntlet_entry_generic, st_stairs_7,
          roderic_carrion_pond, grunt_megastairs_5
Lair:3:   layout_long_grid, minmay_shoals_entry_centaurs, kennysheep_rathole
Lair:4:   layout_loops_ring, dummy_snake_entry
Lair:5:   layout_hall_layers, ebering_ghost_xom
Lair:6:   grunt_lair_end_beastmaster, layout_misc_corridors,
          nicolae_slime_entry_slimehenge, serial_bayou_shore_a
Shoals:1: cheibrodos_shoals_epimethial_gifts, layout_shoals,
          nicolae_shoals_spectral_cove, uniq_roxanne
Snake:1:  layout_grid_shapes, basic_altar, nicolae_snake_double_loop, drop_trap,
          grunt_megastairs_2
Snake:2:  layout_onion, st_stairs_11, grunt_ministairs_14,
          nicolae_snake_salamander_stairs
Snake:3:  layout_cave_town, serial_bayou_ford_a
Snake:4:  grunt_snake_rune_serpentine_throne, layout_cave_town
Slime:1:  layout_caves
Orc:1:    layout_caves, lightli_orcish_oven
Orc:2:    st_orc_rangers, layout_diamond_mine
Elf:1:    layout_gridlike, serial_shops, nicolae_shop_waterfront,
          hangedman_elf_disciples, uniq_jorgrun

Skill      XL: |  1  2  3  4  5  6  7  8  9 10 11 12 13 14 15 16 |
---------------+-------------------------------------------------+-----
Shields        | 4 5 6 8 10 11 12 13 14 | 14.7
Fighting       | 4 5 6 7 8 9 10 12 13 14 15 | 15.1
Armour         | 4 5 6 7 8 9 11 12 13 15 16 | 16.3
Axes           | 3 4 5 6 8 10 12 | 12.0
Dodging        | 1 2 3 4 5 6 7 |  7.4
Stealth        | 1 2 |  2.0
Invocations    | 1 2 3 |  3.2
Maces & Flails | 3 4 5 6 7 |  7.9
Polearms       | 8 11 13 15 16 17 | 17.3
Throwing       | 2 |  2.8
Evocations     | 1 |  1.1
Crossbows      | 2 5 6 |  6.6

Action                   |  1- 3 |  4- 6 |  7- 9 | 10-12 | 13-15 | 16-18 || total
-------------------------+-------+-------+-------+-------+-------+-------++-------
Melee: War axe           |    64 |   108 |   327 |   137 |       |       ||   636
       Headbutt          |     9 |    13 |    53 |   129 |   239 |    62 ||   505
       Flail             |       |       |       |    70 |    30 |       ||   100
       Halberd           |       |       |       |   415 |  1055 |   228 ||  1698
       Punch             |       |       |       |       |     1 |       ||     1
 Fire: Arbalest          |       |       |       |       |   124 |     7 ||   131
Throw: Boomerang         |       |       |     1 |    19 |     8 |       ||    28
Invok: Heal Self         |       |       |     1 |    11 |    15 |     1 ||    28
Evoke: Wand              |       |       |       |     4 |    10 |     3 ||    17
       Box of beasts     |       |       |       |       |     3 |       ||     3
       Phantom mirror    |       |       |       |       |     2 |       ||     2
  Use: Scroll            |       |       |    11 |    18 |    11 |     3 ||    43
       Potion            |       |       |       |     1 |     6 |     2 ||     9
 Stab: Distracted        |       |       |       |       |     1 |       ||     1
Armor: Scale mail        |    28 |    38 |    27 |       |       |       ||    93
       Chain mail        |       |       |    75 |    26 |       |       ||   101
       Plate armour      |       |       |       |   264 |   529 |   150 ||   943
Dodge: Dodged            |    61 |    88 |   250 |   587 |  1020 |   182 ||  2188
Block: Buckler           |    21 |    38 |   185 |   128 |       |       ||   372
       Reflection        |       |     1 |     7 |     5 |       |       ||    13
       Other             |       |       |       |   146 |   541 |    95 ||   782

Table legend: (Time is in decaauts)
 A = Elapsed time spent in this place.
 B = Non-inter-level travel time spent in this place.
 C = Inter-level travel time spent in this place.
 D = Time resting spent in this place.
 E = Time spent auto-exploring this place.
 F = Levels seen in this place.
 G = Mean time per level.
                   A        B        C        D        E       F      G
               +--------+--------+--------+--------+--------+-----+--------+
         Total |  42509 |  42509 |      0 |  14456 |      0 |  28 | 1518.2 |
       Dungeon |  14699 |  14699 |      0 |   3161 |      0 |  10 | 1469.9 |
          Lair |   9435 |   9435 |      0 |   1969 |      0 |   6 | 1572.5 |
        Shoals |    128 |    128 |      0 |     31 |      0 |   1 |  128.0 |
     Snake Pit |  13394 |  13394 |      0 |   7462 |      0 |   4 | 3348.5 |
    Slime Pits |     12 |     12 |      0 |      0 |      0 |   1 |   12.0 |
  Orcish Mines |   4183 |   4183 |      0 |   1721 |      0 |   2 | 2091.5 |
   Elven Halls |     20 |     20 |      0 |      0 |      0 |   1 |   20.0 |
         Abyss |      6 |      6 |      0 |      0 |      0 |   1 |    6.0 |
         Sewer |    469 |    469 |      0 |    111 |      0 |   1 |  469.0 |
      Gauntlet |    160 |    160 |      0 |      0 |      0 |   1 |  160.0 |
               +--------+--------+--------+--------+--------+-----+--------+

Top non-repeatable levels by time:
 Snake:4: 4602 daAuts
 Snake:2: 3869 daAuts
   Orc:2: 3313 daAuts
    D:10: 2895 daAuts
 Snake:3: 2602 daAuts
 Snake:1: 2319 daAuts
     D:9: 2203 daAuts
  Lair:3: 2079 daAuts
     D:8: 1798 daAuts
  Lair:1: 1693 daAuts
  Lair:5: 1602 daAuts
     D:7: 1475 daAuts
     D:3: 1455 daAuts
  Lair:2: 1446 daAuts
  Lair:4: 1409 daAuts
